 Dungeon Crawl Stone Soup version 0.21-a0-78-g82a99e0 (webtiles) character file.

170 4thArraOfDagon the Skirmisher (level 5, 0/48 HPs)
             Began as a Minotaur Abyssal Knight on June 21, 2017.
             Was a Follower of Lugonu.
             Blown up by an orc priest (22 damage)
             ... with a wand of disintegration (?/24)
             ... on level 5 of the Dungeon.
             The game lasted 00:02:17 (751 turns).

4thArraOfDagon the Skirmisher (MiAK)                 Turns: 751, Time: 00:02:18

Health: 0/48       AC:  7    Str: 16    XL:     5   Next: 26%
Magic:  5/5        EV: 11    Int: 10    God:    Lugonu [*.....]
Gold:   144        SH:  0    Dex: 10    Spells: 4/4 levels left

rFire    . . .     SeeInvis .   a - +1 falchion
rCold    . . .     Gourm    .   (no shield)
rNeg     . . .     Faith    .   k - +0 ring mail (curse)
rPois    .         Spirit   .   (helmet restricted)
rElec    .         Reflect  .   p - +1 cloak
rCorr    .         Harm     .   (no gloves)
MR       .....                  (no boots)
Stlth    ..........             (no amulet)
HPRegen  0.16/turn              (no ring)
MPRegen  0.09/turn              (no ring)

@: no status effects
A: retaliatory headbutt, horns 2
a: Depart the Abyss, Renounce Religion


You were on level 5 of the Dungeon.
You worshipped Lugonu.
Lugonu was aware of your devotion.
You were not hungry.

You visited 1 branch of the dungeon, and saw 5 of its levels.
You visited the Abyss 1 time.

You collected 144 gold pieces.

Inventory:

Hand Weapons
 a - a +1 falchion (weapon)
 n - a +0 long sword
Missiles
 m - a throwing net (quivered)
Armour
 b - a +0 leather armour
 k - a cursed +0 ring mail (worn)
 p - a +1 cloak (worn)
Scrolls
 d - 4 scrolls of identify {unknown}
 f - a scroll of enchant weapon {unknown}
 o - a scroll of magic mapping {unknown}
Potions
 e - a potion of curing {unknown}
 h - a potion of heal wounds {unknown}
 j - 2 potions of flight {unknown}
 l - a potion of lignification {unknown}
Comestibles
 c - a bread ration
 g - 2 meat rations
 i - a fruit


   Skills:
 + Level 5.3 Fighting
 + Level 3.8 Long Blades
 + Level 3.4 Armour
 + Level 1.5 Dodging
 + Level 2.6 Invocations


You had 4 spell levels left.
You didn't know any spells.

Dungeon Overview and Level Annotations

Branches:
Dungeon (5/15)
 Temple: D:4-7

Altars:


Innate Abilities, Weirdness & Mutations

You reflexively headbutt those who attack you in melee.
You have a pair of horns on your head.


Message History

Things that are here:
a mace; an orc corpse You see here a hound corpse.
Things that are here:
a dagger; a robe; an orc corpse You start waiting.
The orc priest zaps a wand.
You are blasted!
It is a wand of disintegration (?/24).
The orc priest zaps a wand.
You are blasted!
The orc priest calls down the wrath of Beogh upon you.
You barely resist.
You hit the orc priest but do no damage.
The orc priest invokes the aid of Beogh against you.
Pain shoots through your body! The orc priest closely misses you.
Your ring mail prevents you from hitting the orc priest.
The orc priest hits you with a dagger.
You are too injured to fight recklessly!
You are too injured to fight recklessly!
You barely miss the orc priest.
The orc priest zaps a wand.
You are blasted!
You die...

#. ..# #.# #.# #.#
#######.#
##.####......[#### ...
......#.....# #.#
#........##.#######
##.###.....#............
#.........###.##.#######
#..#####.####.##@#
#.............##o#####
#.#####...######.†)..#
#.####.....#########o#
)..........<....# #...#
######.....####.#
#...oo. ## #....##
......... .## #.####
#.#.....# ..####.
#o#...5.#


You could see an orc priest.

Vanquished Creatures
  A hound (D:5)
  An orc wizard (D:5)
  A worker ant (D:5)
  A hound zombie (D:5)
  3 adders (D:3)
  3 gnolls (D:3)
  A leopard gecko (D:2)
  2 orcs
  A giant cockroach (D:3)
  A goblin (D:1)
  5 hobgoblins
  A quokka (D:3)
  A bat (D:3)
  2 frilled lizards (D:3)
  2 rats
26 creatures vanquished.

Notes
Turn   | Place    | Note
-------+----------+-------------------------------------------
     0 | Abyss:1  | 4thArraOfDagon the Minotaur Abyssal Knight began the quest for the Orb.
     0 | Abyss:1  | Reached XP level 1. HP: 19/19 MP: 1/1
    57 | Abyss:3  | Noticed a great orb of eyes
    57 | Abyss:3  | Noticed a golden eye
    86 | Abyss:3  | Noticed an iron imp
    86 | Abyss:3  | Noticed a large abomination
    87 | Abyss:3  | Noticed a spatial maelstrom
    90 | Abyss:3  | Noticed a brown very ugly thing
    90 | Abyss:3  | Noticed a small abomination
    90 | Abyss:3  | Noticed a large abomination
    92 | Abyss:3  | Noticed a spatial vortex
    93 | D:1      | Escaped the Abyss
   193 | D:2      | Reached * piety under Lugonu
   260 | D:2      | Reached XP level 2. HP: 25/27 MP: 2/2
   281 | D:3      | Reached skill level 4 in Fighting
   360 | D:3      | Reached XP level 3. HP: 34/34 MP: 3/3
   426 | D:3      | Reached XP level 4. HP: 37/41 MP: 4/4
   529 | D:3      | Reached skill level 5 in Fighting
   622 | D:5      | Entered Level 5 of the Dungeon
   710 | D:5      | Reached XP level 5. HP: 46/48 MP: 5/5
   751 | D:5      | Blown up by an orc priest

Vault maps used:
D:1:      tarquinn_simple_flora_water_d, minmay_tiny_reverse_x
D:2:      zin_statuary, first_bread, kennysheep_cross_bottleneck
D:3:      okawaru_ov_weapons_minmay, uniq_ijyb
D:4:      minmay_wonky_spiral, elyvilon_altar_5, uniq_menkaure
D:5:      lemuel_doored_altar, kennysheep_mini, gammafunk_temple_overflow_statue
Abyss:1:  gammafunk_corrupted_shrine
Abyss:2:  hangedman_decor_peaks_small, serial_sigils_hangedman_snap,
          evilmike_abyss_exit_plants
Abyss:3:  hangedman_eye_storm, evilmike_abyss_rune_elephants_shrine,
          abyss_greek_temple

Skill      XL: |  1  2  3  4 |
---------------+-------------+-----
Invocations    | 2 |  2.6
Fighting       | 4 5 |  5.3
Armour         | 3 |  3.4
Long Blades    | 3 |  3.8
Dodging        | |  1.5

Action                   |  1- 3 |  4- 6 || total
-------------------------+-------+-------++-------
Melee: Falchion          |    36 |    19 ||    55
       Headbutt          |     6 |     8 ||    14
Invok: Depart the Abyss  |     1 |       ||     1
Armor: Leather armour    |     7 |       ||     7
       Ring mail         |     4 |     7 ||    11
Dodge: Dodged            |    26 |    16 ||    42
       Rpst.: Falchion   |     6 |     5 ||    11
